cohdb
Replays
Latest Replays
All Replays
Popular Replays
Top Player Replays
Match Explorer
How It Works
Community
CoH3 Stats
Reddit
Sign in to upload your games and track your stats! →
Sign in with Steam
Match 43191023
Unlisted
Match 43191023
Overview
Messages
Build Orders
End
Construct Infanterie Kompanie
Selects Terror Battlegroup
Selects Machine Gun Camouflage
MG 42 Machine Gun Team
Grenadier Squad
Grenadier Squad
Construct Luftwaffe Kompanie
GrW 34 Mortar Team
Support Elements
Wirbelwind Flakpanzer
Luftwaffe Officer Quarters
Medical Station
Pioneer Squad
Selects Defend the Fatherland
Side Skirts
Jäger Squad
Jäger Squad
Jäger Squad
Construct Panzer Kompanie
Panzer IV Medium Tank
Depthz
Zerg6412
simranjitsingh713
UwU
GRANDMOM
Warris LeBad
Arn
HMMhy
0
0
Comments
sign in to comment!
No comments posted yet!